EVO
VANDERBILT UNIVERSITY COMMODORES @ UCLA BRUINS
08/01/2044
 
TOP OF THE 1ST
Vanderbilt University Commodores batting - Pitching for UCLA Bruins : LHP Brett Reed
Pitching: LHP Brett Reed
Batting: RHB Chris Maul 0-0: Hit by Pitch
Batting: RHB Jeremy Harden 0-0: Ball
1-0: Fly out, F9 (Flyball, 9D, EV 100.0 MPH)
Batting: RHB Chris Bohm 0-0: Swinging Strike
0-1: Grounds into double play, 4-6-3 (Groundball, 34, EV 88.1 MPH)
Top of the 1st over - 0 runs, 0 hits, 0 errors, 0 left on base; Vanderbilt University 0 - UCLA 0
BOTTOM OF THE 1ST
UCLA Bruins batting - Pitching for Vanderbilt University Commodores : RHP Kevin Tumbleson
Pitching: RHP Kevin Tumbleson
Batting: SHB Jay Gagnon 0-0: Fly out, F9 (Flyball, 89D, EV 104.4 MPH)
Batting: RHB Robby Hickman 0-0: Ball
1-0: Foul Ball, location: 2F
1-1: Foul Ball, location: 2F
1-2: Foul Ball, location: 2F
1-2: Strikes out swinging
Batting: RHB German Quiroga 0-0: Foul Ball, location: 2F
0-1: Ball
1-1: Swinging Strike
1-2: Ground out 4-3 (Groundball, 4, EV 86.3 MPH)
Bottom of the 1st over - 0 runs, 0 hits, 0 errors, 0 left on base; Vanderbilt University 0 - UCLA 0
TOP OF THE 2ND
Vanderbilt University Commodores batting - Pitching for UCLA Bruins : LHP Brett Reed
Batting: LHB Alberto Carrillo 0-0: Called Strike
0-1: Ball
1-1: Ball
2-1: Ground out 4-3 (Groundball, 34, EV 107.5 MPH)
Batting: LHB Karel Hort 0-0: Swinging Strike
0-1: Ball
1-1: Foul Ball, location: 2F
1-2: Foul Ball, location: 2F
1-2: Strikes out swinging
Batting: RHB Sam Spohn 0-0: Called Strike
0-1: Foul Ball, location: 2F
0-2: Foul Ball, location: 2F
0-2: Foul Ball, location: 2F
0-2: Ball
1-2: Foul Ball, location: 2F
1-2: Ball
2-2: Foul Ball, location: 2F
2-2: Strikes out swinging
Top of the 2nd over - 0 runs, 0 hits, 0 errors, 0 left on base; Vanderbilt University 0 - UCLA 0
BOTTOM OF THE 2ND
UCLA Bruins batting - Pitching for Vanderbilt University Commodores : RHP Kevin Tumbleson
Batting: RHB Leo Gonzalez 0-0: Ball
1-0: Swinging Strike
1-1: Ball
2-1: Swinging Strike
2-2: Ball
3-2: Strikes out swinging
Batting: RHB Eddie Serna 0-0: Swinging Strike
0-1: Ball
1-1: Swinging Strike
1-2: Strikes out swinging
Batting: RHB Bill Reader 0-0: Ball
1-0: Called Strike
1-1: Ball
2-1: SINGLE (Groundball, 56D, EV 106.9 MPH)
Batting: RHB Nate Dabney 0-0: Ball
1-0: Ball
2-0: Ground out 6-3 (Groundball, P, EV 86.9 MPH)
Bottom of the 2nd over - 0 runs, 1 hit, 0 errors, 1 left on base; Vanderbilt University 0 - UCLA 0
TOP OF THE 3RD
Vanderbilt University Commodores batting - Pitching for UCLA Bruins : LHP Brett Reed
Batting: RHB Alex Cardenas 0-0: Ball
1-0: Ball
2-0: Ball
3-0: Called Strike
3-1: Fly out, F9 (Line Drive, 9, EV 105.0 MPH)
Batting: RHB Simon Mergeni 0-0: Called Strike
0-1: Fly out, F4 (Line Drive, 4, EV 66.3 MPH)
Batting: RHB Vicente Guillen 0-0: Ground out 6-3 (Groundball, 6, EV 87.5 MPH)
Top of the 3rd over - 0 runs, 0 hits, 0 errors, 0 left on base; Vanderbilt University 0 - UCLA 0
BOTTOM OF THE 3RD
UCLA Bruins batting - Pitching for Vanderbilt University Commodores : RHP Kevin Tumbleson
Batting: RHB Don Burt 0-0: Fly out, F3 (Popup, 3L, EV 68.8 MPH)
Batting: RHB Lorenzo Diaz 0-0: Fly out, F9 (Flyball, 89M, EV 78.1 MPH)
Batting: SHB Jay Gagnon 0-0: Ball
1-0: Called Strike
1-1: Called Strike
1-2: Ball
2-2: Ground out 1-3 (Groundball, 34S, EV 67.5 MPH)
Bottom of the 3rd over - 0 runs, 0 hits, 0 errors, 0 left on base; Vanderbilt University 0 - UCLA 0
TOP OF THE 4TH
Vanderbilt University Commodores batting - Pitching for UCLA Bruins : LHP Brett Reed
Batting: RHB Chris Maul 0-0: Called Strike
0-1: Ball
1-1: Ground out U3 (Groundball, 13, EV 91.9 MPH)
Batting: RHB Jeremy Harden 0-0: Ball
1-0: Fly out, F4 (Flyball, 4D, EV 85.0 MPH)
Batting: RHB Chris Bohm 0-0: Called Strike
0-1: Called Strike
0-2: Strikes out looking
Top of the 4th over - 0 runs, 0 hits, 0 errors, 0 left on base; Vanderbilt University 0 - UCLA 0
BOTTOM OF THE 4TH
UCLA Bruins batting - Pitching for Vanderbilt University Commodores : RHP Kevin Tumbleson
Batting: RHB Robby Hickman 0-0: Ball
1-0: Ball
2-0: Called Strike
2-1: Called Strike
2-2: Ball
3-2: Foul Ball, location: 2F
3-2: Strikes out swinging
Batting: RHB German Quiroga 0-0: Ball
1-0: Ball
2-0: Fly out, F9 (Flyball, 89S, EV 95.0 MPH)
Batting: RHB Leo Gonzalez 0-0: Swinging Strike
0-1: Foul Ball, location: 2F
0-2: Ball
1-2: Strikes out swinging
Bottom of the 4th over - 0 runs, 0 hits, 0 errors, 0 left on base; Vanderbilt University 0 - UCLA 0
TOP OF THE 5TH
Vanderbilt University Commodores batting - Pitching for UCLA Bruins : LHP Brett Reed
Pitching: LHP Loo Lei
Batting: LHB Alberto Carrillo 0-0: Ball
1-0: Called Strike
1-1: Ball
2-1: Foul Ball, location: 2F
2-2: Strikes out swinging
Batting: LHB Karel Hort 0-0: Ball
1-0: Called Strike
1-1: Called Strike
1-2: Strikes out swinging
Batting: RHB Sam Spohn 0-0: Foul Ball, location: 2F
0-1: Foul Ball, location: 2F
0-2: Strikes out swinging
Top of the 5th over - 0 runs, 0 hits, 0 errors, 0 left on base; Vanderbilt University 0 - UCLA 0
BOTTOM OF THE 5TH
UCLA Bruins batting - Pitching for Vanderbilt University Commodores : RHP Kevin Tumbleson
Pitching: RHP Rich Crousse
Batting: RHB Eddie Serna 0-0: Ground out U3 (Groundball, 3S, EV 72.5 MPH)
Batting: RHB Bill Reader 0-0: Called Strike
0-1: Ball
1-1: Foul Ball, location: 2F
1-2: Strikes out looking
Batting: RHB Nate Dabney 0-0: Ball
1-0: Called Strike
1-1: Foul Ball, location: 2F
1-2: Ball
2-2: Foul Ball, location: 2F
2-2: Ground out 5-3 (Groundball, 56S, EV 84.4 MPH)
Bottom of the 5th over - 0 runs, 0 hits, 0 errors, 0 left on base; Vanderbilt University 0 - UCLA 0
TOP OF THE 6TH
Vanderbilt University Commodores batting - Pitching for UCLA Bruins : LHP Loo Lei
Batting: RHB Alex Cardenas 0-0: Ball
1-0: DOUBLE (Groundball, 3L, EV 103.8 MPH)
Batting: RHB Simon Mergeni 0-0: Sac Bunt to 5S - play at third, runner OUT! 5-6
Batting: RHB Vicente Guillen 0-0: Ball
1-0: Grounds into double play, 5-4-3 (Groundball, 56, EV 85.6 MPH)
Top of the 6th over - 0 runs, 1 hit, 0 errors, 0 left on base; Vanderbilt University 0 - UCLA 0
BOTTOM OF THE 6TH
UCLA Bruins batting - Pitching for Vanderbilt University Commodores : RHP Rich Crousse
Batting: RHB Don Burt 0-0: Called Strike
0-1: Ball
1-1: Ball
2-1: SINGLE (Line Drive, 7S, EV 105.0 MPH)
Batting: RHB Lorenzo Diaz 0-0: Fielders Choice at 2nd, 6-4 (Groundball, 56, EV 105.0 MPH)
Batting: SHB Jay Gagnon 0-0: Fly out, F8 (Flyball, 8LM, EV 89.4 MPH)
Batting: RHB Robby Hickman 0-0: Called Strike
0-1: Swinging Strike
0-2: Foul Ball, location: 2F
0-2: Foul Ball, location: 2F
0-2: Hit by Pitch
Lorenzo Diaz to second
Batting: RHB German Quiroga 0-0: Ground out 5-3 (Groundball, 56S, EV 93.8 MPH)
Bottom of the 6th over - 0 runs, 1 hit, 0 errors, 2 left on base; Vanderbilt University 0 - UCLA 0
TOP OF THE 7TH
Vanderbilt University Commodores batting - Pitching for UCLA Bruins : LHP Loo Lei
Batting: RHB Chris Maul 0-0: SINGLE (Line Drive, 8RS, EV 89.4 MPH)
Batting: RHB Jeremy Harden 0-0: Called Strike
0-1: Ball
1-1: Ball
2-1: Fly out, F9 (Flyball, 89S, EV 86.3 MPH)
Batting: RHB Chris Bohm 0-0: Ball
1-0: Ball
2-0: Ball
3-0: Called Strike
Pickoff Throw by Catcher to First - Out!
3-1: Base on Balls
Batting: RHB Jonathan Mendoza 0-0: Ball
1-0: Foul Ball, location: 2F
1-1: Ball
2-1: Swinging Strike
2-2: Ground out 1-3 (Groundball, 13, EV 68.1 MPH)
Top of the 7th over - 0 runs, 1 hit, 0 errors, 1 left on base; Vanderbilt University 0 - UCLA 0
BOTTOM OF THE 7TH
UCLA Bruins batting - Pitching for Vanderbilt University Commodores : RHP Rich Crousse
Batting: RHB Leo Gonzalez 0-0: Called Strike
0-1: Swinging Strike
0-2: Foul Ball, location: 2F
0-2: Ball
1-2: Fly out, F8 (Flyball, 8RM, EV 71.9 MPH)
Pinch Hitting: LHB Chris Jackson 0-0: Ball
1-0: Called Strike
1-1: SINGLE (Flyball, 6D, EV 90.0 MPH)
Pinch Hitting: LHB Tony Leyba 0-0: Ball
1-0: Ball
2-0: Ball
3-0: Base on Balls
Chris Jackson to second
Batting: RHB Nate Dabney 0-0: Ball
1-0: Ball
2-0: Swinging Strike
2-1: Foul Ball, location: 2F
2-2: Strikes out swinging
Pitching: RHP Jonathan Rosales
Batting: RHB Don Burt 0-0: Foul Ball, location: 2F
0-1: Ball
1-1: SINGLE (Flyball, 89S, EV 86.3 MPH)
Chris Jackson to third
Tony Leyba to second
Batting: RHB Lorenzo Diaz 0-0: Ball
1-0: Ball
2-0: Ball
3-0: Called Strike
3-1: Foul Ball, location: 2F
3-2: Base on Balls
Chris Jackson scores
Tony Leyba to third
Don Burt to second
Pinch Hitting: RHB Rusty Trader 0-0: Ball
1-0: Swinging Strike
1-1: Swinging Strike
1-2: Ball
2-2: Strikes out swinging
Bottom of the 7th over - 1 run, 2 hits, 0 errors, 3 left on base; Vanderbilt University 0 - UCLA 1
TOP OF THE 8TH
Vanderbilt University Commodores batting - Pitching for UCLA Bruins : LHP Loo Lei
Pitching: RHP Mike Zambrano Jr.
Now at 3B: Rusty Trader
Now in CF: Jailen Mendez
Now in RF: Luis Diaz
Batting: LHB Karel Hort 0-0: Swinging Strike
0-1: Ball
1-1: Ball
2-1: Ball
3-1: Ground out U3 (Groundball, 3L, EV 100.6 MPH)
Batting: RHB Sam Spohn 0-0: Foul Ball, location: 2F
0-1: Ball
1-1: Foul Ball, location: 2F
1-2: Ball
2-2: Ball
3-2: Ground out 6-3 (Groundball, 6, EV 99.4 MPH)
Batting: RHB Alex Cardenas 0-0: SINGLE (Flyball, 8RS, EV 93.1 MPH)
Pinch Hitting: RHB Mario Lopez 0-0: Ball
1-0: Ball
2-0: Foul Ball, location: 2F
2-1: Ball
3-1: Called Strike
3-2: Ground out 4-3 (Groundball, 34D, EV 86.9 MPH)
Top of the 8th over - 0 runs, 1 hit, 0 errors, 1 left on base; Vanderbilt University 0 - UCLA 1
BOTTOM OF THE 8TH
UCLA Bruins batting - Pitching for Vanderbilt University Commodores : RHP Jonathan Rosales
Now at C: Mario Lopez
Pinch Hitting: LHB Darren Sturgis 0-0: Ball
1-0: Foul Ball, location: 2F
1-1: Fly out, F8 (Flyball, 78XD, EV 91.9 MPH)
Batting: RHB Mike Hill 0-0: Ball
1-0: Ball
2-0: Ball
3-0: Called Strike
3-1: Base on Balls
Batting: RHB Leo Gonzalez 0-0: Called Strike
0-1: Fielders Choice at 2nd, 6-4 (Groundball, 6, EV 103.1 MPH)
Batting: LHB Luis Diaz 0-0: Ball
1-0: Swinging Strike
1-1: Called Strike
1-2: Foul Ball, location: 2F
1-2: Foul Ball, location: 2F
1-2: Strikes out swinging
Bottom of the 8th over - 0 runs, 0 hits, 0 errors, 1 left on base; Vanderbilt University 0 - UCLA 1
TOP OF THE 9TH
Vanderbilt University Commodores batting - Pitching for UCLA Bruins : RHP Mike Zambrano Jr.
Now at 2B: Darren Sturgis
Pinch Hitting: LHB Jeremy Robertson 0-0: Called Strike
0-1: Ball
1-1: Ground out 4-3 (Groundball, 4, EV 103.8 MPH)
Pinch Hitting: RHB Ben Politi 0-0: Ball
1-0: Called Strike
1-1: Swinging Strike
1-2: Strikes out swinging
Pinch Hitting: RHB Gustavo Diaz 0-0: Called Strike
0-1: Ball
1-1: Foul Ball, location: 2F
1-2: Foul Ball, location: 2F
1-2: Ball
2-2: Ball
3-2: Fly out, F8 (Flyball, 8LD, EV 95.0 MPH)
Top of the 9th over - 0 runs, 0 hits, 0 errors, 0 left on base; Vanderbilt University 0 - UCLA 1
Thursday, March 31st , 2022 - OOTP Baseball 22.12 Build 89